 Dungeon Crawl Stone Soup version 0.31.0-32-g396128a36d (webtiles) character file.

Game seed: 1803840526205579603

32 FexLirch the Digger (level 3, -4/23 HPs)
             Began as an Octopode Earth Elementalist on Mar 24, 2024.
             Killed from afar by Natasha (10 damage)
             ... with a magic dart
             ... on level 2 of the Dungeon.
             The game lasted 00:01:12 (1058 turns).

FexLirch the Digger (Octopode Earth Elementalist)   Turns: 1058, Time: 00:01:13

Health: -4/23      AC:  1    Str:  7    XL:     3   Next: 25%
Magic:  3/6        EV: 13    Int: 19    God:
Gold:   48         SH:  0    Dex: 12    Spells: 5/6 levels left

rFire   . . .        d - +0 dagger
rCold   . . .        (no shield)
rNeg    . . .        (helmet restricted)
rPois   .            (no amulet)
rElec   .            (no ring)
rCorr   .            (no ring)
SInv    .            (no ring)
Will    .....        (no ring)
Stlth   +++          (no ring)
HPRegen 0.23/turn    (no ring)
MPRegen 0.10/turn    (no ring)
                     (no ring)

%: no passive effects
@: no status effects
A: almost no armour, amphibious, 8 rings, camouflage 1, gelatinous body 1,
(nimble swimmer 1), tentacles
a: no special abilities


You were on level 2 of the Dungeon.
You visited 1 branch of the dungeon, and saw 2 of its levels.

You collected 48 gold pieces.

Inventory:

Hand Weapons
 d - a +0 dagger (weapon)
Missiles
 f - 18 stones
Scrolls
 b - a scroll of acquirement {unknown}
 c - a scroll of teleportation
 g - a scroll of vulnerability
 i - a scroll of poison {unknown}
 j - 2 scrolls of fear
Potions
 a - a potion of magic


   Skills:
 + Level 1.0 Fighting
 + Level 2.3 Dodging
 + Level 3.1 Stealth
 + Level 2.2 Spellcasting
 + Level 1.4 Conjurations
 + Level 3.2 Earth Magic


You had 5 spell levels left.
You knew the following spells:

 Your Spells              Type           Power      Damage    Failure   Level
a - Sandblast             Erth           28%        2d8       4%          1

Your spell library contained the following spells:

 Spells                   Type           Power      Damage    Failure   Level
 Passwall                 Erth           14%        N/A       13%         3
 Stone Arrow              Conj/Erth      22%        3d8       19%         3
 Brom's Barrelling Bould  Conj/Erth      11%        2d3       52%         4
 Petrify                  Alch/Erth      8%         N/A       63%         4
 Olgreb's Toxic Radiance  Alch           2%         N/A       86%         4
 Silence                  Hex/Air        1%         N/A       99%         5
 Eringya's Noxious Bog    Alch           1%         4d6       100%        6


Dungeon Overview and Level Annotations

Branches:
Dungeon (2/15)

Altars:

Shops:
D:1 ?

Annotations:
D:2 Natasha


Innate Abilities, Weirdness & Mutations

You cannot wear most types of armour.
You are amphibious.
You can wear up to eight rings at the same time.
Your skin changes colour to match your surroundings (Stealth+).
Your rubbery body absorbs attacks. (AC +1, EV +1)
((You are camouflaged when in or above water. (Stealth+)))
You have tentacles for arms and can constrict up to eight enemies at once.


Message History

The dart slug is severely wounded.
You constrict Natasha. You constrict the dart slug.
The dart slug barely misses you.
Natasha stares at you and mumbles some strange words.
The magic dart hits you.
The cerulean imp hits you from afar with a +2 spear.
You are too injured to fight recklessly!
There are monsters nearby!
You are too injured to fight recklessly!
You are too injured to fight recklessly!
You are too injured to fight recklessly!
There are monsters nearby!
You release your grip on Natasha.
You release your grip on the dart slug.
Natasha attacks as she pursues you! Natasha closely misses you.
The cerulean imp hits you from afar with a +2 spear.
The jackal bites you.
The cerulean imp attacks as it pursues you!
The cerulean imp barely misses you.
Casting: Sandblast (safe; 4% risk of failure)
Confirm with . or Enter, or press ? or * to list all spells.
Aiming: Sandblast (safe; 4% risk of failure)
Press: ? - help, Shift-Dir - straight line, f/p - Natasha
Aim: Natasha (moderately wounded, 77% to hit)
The blast of sand hits the jackal.
The jackal is severely wounded.
The jackal misses you. The cerulean imp barely misses you.
The jackal misses you. The cerulean imp barely misses you.
The jackal bites you.
* * * LOW HITPOINT WARNING * * *
Casting: Sandblast (safe; 4% risk of failure)
Confirm with . or Enter, or press ? or * to list all spells.
Aiming: Sandblast (safe; 4% risk of failure)
Press: ? - help, Shift-Dir - straight line, f/p - Natasha
Aim: Natasha (moderately wounded, 77% to hit)
The blast of sand hits the jackal.
You kill the jackal!
Natasha casts a spell at you. The magic dart hits you!
You die...
Natasha curls up and begins to purr.

#.#####..# ... #. ..
####..# ... #.#.# #
#.....# ... ...##
#.##.##.## #.## ....
#.......#
#.##.##..#####.
####.####
#.##...w.......
####.### #.# #..#
#......#####.#####..#
#.##.#.#.......@h5w.#
# #.#.#.##.#.#######
#........#.#
###.#.####.#
#.#.####.# ..#......#
###########


You could see Natasha, a cerulean imp (summoned) and a dart slug.

Vanquished Creatures
  An adder (D:2)
  A dart slug (D:1)
  4 ball pythons (D:1)
  A bat (D:1)
  2 endoplasms (D:1)
  3 hobgoblins (D:1)
  A jackal (D:2)
  3 kobolds
  A quokka (D:1)
  4 rats (D:1)
21 creatures vanquished.

Notes
Turn   | Place    | Note
-------+----------+-------------------------------------------
     0 | D:1      | FexLirch the Octopode Earth Elementalist began the quest
                  | for the Orb.
     0 | D:1      | Reached XP level 1. HP: 11/11 MP: 3/3
   163 | D:1      | Found Venacs's Magic Scroll Boutique.
   277 | D:1      | Reached XP level 2. HP: 17/17 MP: 1/5
   819 | D:1      | Got the Octavo of Transmogrification and Obstruction
   946 | D:2      | Reached skill level 1 in Fighting
   946 | D:2      | Reached XP level 3. HP: 23/23 MP: 4/6
  1047 | D:2      | Noticed Natasha
  1058 | D:2      | Killed from afar by Natasha

Illustrated notes

Levels and vault maps discovered:
D:1:      dpeg_arrival_water_fire, layout_basic, serial_shops,
          nicolae_shop_tiny_waterfront
D:2:      layout_loops_cross, shapermc_ecumenical_altar_acropolis, uniq_natasha

Skill      XL: |  1  2 |
---------------+-------+-----
Stealth        | 3 |  3.1
Fighting       | 1 |  1.0
Dodging        | |  2.3
Spellcasting   | |  2.2
Conjurations   | |  1.4
Earth Magic    | |  3.2

Action                     || total
---------------------------++-------
  Melee: Dagger            ||     8
         Tentacles         ||     1
         Constrict         ||     2
   Cast: Sandblast         ||    28
    Use: Scroll            ||     4
 Armour: Skin              ||     8
  Dodge: Dodged            ||    20
